 Dungeon Crawl Stone Soup version 0.23-a0-321-g6bcb69f058 (webtiles) character file.

2786136 MeekVeins the Annihilator (level 27, 179/179 HPs)
             Began as a Tengu Air Elementalist on Oct 13, 2018.
             Was the Champion of Elyvilon.
             Escaped with the Orb
             ... and 5 runes on Oct 15, 2018!
             The game lasted 12:01:02 (85862 turns).

MeekVeins the Annihilator (Tengu Air Elementalist) Turns: 85862, Time: 12:01:02

Health: 179/179    AC: 37    Str: 20      XL:     27
Magic:  53/53      EV: 19    Int: 26 (27) God:    Elyvilon [******]
Gold:   6791       SH: 19    Dex: 13 (14) Spells: 4/58 levels left

rFire    . . .     SeeInvis +   w - +9 broad axe of the Shark {flame, SInv}
rCold    + + +     Gourm    .   L - +5 shield {reflect}
rNeg     + . .     Faith    .   F - +12 chain mail "Xarr" {rPois rCorr Slay+2}
rPois    +         Spirit   .   V - +1 hat of the Monk {rF- rC+ rN+ Str+4 Dex+3}
rElec    .         Reflect  +   q - +2 cloak
rCorr    +         Harm     .   h - +2 pair of gloves {Str+3}
MR       +++..                  (boots unavailable)
Stlth    +.........             t - amulet of magic regeneration
HPRegen  0.39/turn              m - ring of Untruth {MR+ MP+9 Int+2}
MPRegen  0.58/turn              d - ring of Ynnuf {*Corrode +Blink rF+ rC+++ Dex-5}

@: flying quickly and evasively, quick
A: beak, talons 3, iridescent scales 1, thin skeletal structure 1, deterioration
1, wild magic 1, no potion heal 1, able to fly 2
0: Orb of Zot
}: 5/15 runes: barnacled, slimy, silver, abyssal, gossamer
a: Stop Flying, Lesser Healing, Heal Other, Purification, Greater Healing,
Divine Vigour, Divine Protection, Renounce Religion, Evoke Blink


You escaped.
You worshipped Elyvilon.
Elyvilon was exalted by your worship.
You were hungry.

You visited 11 branches of the dungeon, and saw 55 of its levels.
You visited the Abyss 3 times.
You visited 1 bazaar.
You also visited: Labyrinth, Ice Cave and Wizlab.

You collected 10154 gold pieces.
You spent 3363 gold pieces at shops.

Inventory:

Hand Weapons
 b - the +9 hand axe "Afym" {elec, +Rage rPois rF+ Dex+2}
   (You took it off a merfolk on level 1 of the Shoals)

   Occasionally, upon striking a foe, it will discharge some electrical energy
   and cause terrible harm.
   It affects your dexterity (+2).
   It protects you from fire.
   It protects you from poison.
   It lets you go berserk.
 w - the +9 broad axe of the Shark (weapon) {flame, SInv}
   (You found it on level 5 of the Pits of Slime)

   It has been specially enchanted to burn those struck by it, causing extra
   injury to most foes and up to half again as much damage against particularly
   susceptible opponents.
   Big, fiery blades are also staple armaments of hydra-hunters.
   It lets you see invisible.
Missiles
 Z - 15 throwing nets (quivered)
Armour
 c - the +7 Kryia's mail coat {PotionHeal*2 rC+}
   (You found it on level 5 of the Vaults)

   It protects you from cold.
 h - a +2 pair of gloves of strength (worn)
 q - a +2 cloak (worn)
 F - the +12 chain mail "Xarr" (worn) {rPois rCorr Slay+2}
   (You found it on level 10 of the Dungeon)

   It affects your accuracy and damage with ranged weapons and melee attacks
   (+2).
   It protects you from poison.
   It provides partial protection from all sources of acid and corrosion.
 L - a +5 shield of reflection (worn)
 V - the +1 hat of the Monk (worn) {rF- rC+ rN+ Str+4 Dex+3}
   (You found it in an ice cave)

   It affects your strength (+4).
   It affects your dexterity (+3).
   It makes you vulnerable to fire.
   It protects you from cold.
   It protects you from negative energy.
Magical Staves
 a - an uncursed staff of energy
Jewellery
 d - the ring of Ynnuf (right hand) {*Corrode +Blink rF+ rC+++ Dex-5}
   (You acquired it in a wizard's laboratory)

   [ring of protection from fire]

   It affects your dexterity (-5).
   It protects you from fire.
   It renders you almost immune to cold.
   It lets you blink.
   It may corrode you when you take damage.
 j - the ring of Zeilatodgh {rC+ AC+5 Int+2}
   (You bought it in a shop in a bazaar)

   [ring of protection]

   It affects your AC (+5).
   It affects your intelligence (+2).
   It protects you from cold.
 m - the ring of Untruth (left hand) {MR+ MP+9 Int+2}
   (You acquired it on level 1 of the Elven Halls)

   [ring of intelligence]

   It affects your intelligence (+2).
   It affects your resistance to hostile enchantments.
   It affects your magic capacity (+9).
 s - the ring of Gesezxy {rElec Str-5 Int+5 Dex+7 SInv}
   (You took it off a deep elf blademaster on level 3 of the Elven Halls)

   [ring of intelligence]

   It affects your strength (-5).
   It affects your intelligence (+5).
   It affects your dexterity (+7).
   It insulates you from electricity.
   It lets you see invisible.
 t - an amulet of magic regeneration (around neck)
Wands
 A - a wand of acid (1)
 D - a wand of digging (26)
 I - a wand of iceblast (18)
 P - a wand of paralysis (49)
 S - a wand of scattershot (5)
Scrolls
 f - 5 scrolls of holy word
 g - 8 scrolls of immolation
 l - 11 scrolls of amnesia
 B - 4 scrolls of blinking
 G - 4 scrolls of fear
 H - 8 scrolls of fog
 M - 5 scrolls of magic mapping
 N - 35 scrolls of remove curse
 O - a scroll of summoning
 R - 7 scrolls of identify
 T - 10 scrolls of teleportation
Potions
 i - 6 potions of cancellation
 k - a potion of invisibility
 n - 7 potions of ambrosia
 o - 6 potions of lignification
 p - 13 potions of heal wounds
 r - 5 potions of magic
 u - 3 potions of mutation {!q}
 v - 7 potions of berserk rage
 x - 8 potions of agility
 y - 2 potions of haste
 C - 9 potions of might
 J - 2 potions of resistance
 K - 8 potions of brilliance
 Q - 21 potions of curing
Miscellaneous
 e - 4 phantom mirrors
 U - 6 boxes of beasts
 W - 2 sacks of spiders
 X - a phial of floods
 Y - a lamp of fire (inert)
Comestibles
 z - 39 rations


   Skills:
 - Level 20.0 Fighting
 - Level 15.8(16.0) Axes
   Level 4.0(11.3) Maces & Flails
 - Level 18.0 Armour
 + Level 15.2 Dodging
 - Level 6.0 Stealth
 - Level 15.0 Shields
 - Level 16.0 Spellcasting
 O Level 27 Conjurations
 - Level 6.0 Charms
 - Level 16.0 Summonings
 - Level 6.0 Translocations
 - Level 8.0 Ice Magic
 - Level 19.0 Air Magic
 - Level 6.0 Invocations
 + Level 11.5 Evocations


You had 4 spell levels left.
You knew the following spells:

 Your Spells              Type           Power        Failure   Level  Hunger
a - Lightning Bolt        Conj/Air       ########..   1%          5    None
b - Swiftness             Chrm/Air       #######.     1%          2    None
c - Freezing Cloud        Conj/Ice/Air   #######...   2%          6    ####...
d - Irradiate             Conj/Tmut      #######...   2%          5    None
e - Summon Lightning Spi  Summ/Air       #######.     1%          4    None
f - Airstrike             Air            ########..   1%          4    None
q - Orb of Destruction    Conj           ########..   1%          7    #####..
z - Shock                 Conj/Air       ####         1%          1    None
B - Blink                 Tloc           N/A          2%          2    None
D - Deflect Missiles      Chrm/Air       #######...   14%         6    ####...
F - Summon Forest         Summ/Tloc      #######...   5%          5    None
S - Spellforged Servitor  Conj/Summ      ########..   2%          7    #####..

Your spell library contained the following spells:

 Spells                   Type           Power        Failure   Level  Hunger
 Apportation              Tloc           ######       1%          1    None
 Flame Tongue             Conj/Fire      #####        1%          1    None
 Infusion                 Chrm           ####         1%          1    None
 Sting                    Conj/Pois      ####         1%          1    None
 Summon Butterflies       Summ           #######.     1%          1    None
 Summon Small Mammal      Summ           ####         1%          1    None
 Call Imp                 Summ           #######.     1%          2    None
 Poisonous Vapours        Pois/Air       ######       1%          2    None
 Throw Flame              Conj/Fire      ######       1%          2    None
 Call Canine Familiar     Summ           #######.     1%          3    None
 Conjure Flame            Conj/Fire      #######.     1%          3    None
 Mephitic Cloud           Conj/Pois/Air  #######.     1%          3    None
 Recall                   Summ/Tloc      N/A          1%          3    None
 Static Discharge         Conj/Air       ########     1%          3    None
 Stone Arrow              Conj/Erth      ######       1%          3    None
 Force Lance              Conj/Tloc      #######.     1%          4    None
 Sticky Flame             Conj/Fire      #######.     1%          4    None
 Summon Ice Beast         Ice/Summ       #######.     1%          4    None
 Throw Icicle             Conj/Ice       #######.     1%          4    None
 Shroud of Golubria       Chrm/Tloc      ######....   2%          2    None
 Song of Slaying          Chrm           ######..     2%          2    None
 Summon Guardian Golem    Hex/Summ       ######..     2%          3    None
 Ozocubu's Armour         Chrm/Ice       ######..     3%          3    None
 Gell's Gravitas          Tloc           ######....   4%          3    None
 Lesser Beckoning         Tloc           ######....   4%          3    None
 Ensorcelled Hibernation  Hex/Ice        ######       5%          2    None
 Portal Projectile        Hex/Tloc       #####.       14%         3    None
 Regeneration             Chrm/Necr      #####.....   14%         3    None
 Spectral Weapon          Hex/Chrm       #####...     14%         3    None
 Beastly Appendage        Tmut           ####..       16%         1    None
 Confusing Touch          Hex            ####..       16%         1    None
 Corona                   Hex            ####...      16%         1    None
 Pain                     Necr           ####         16%         1    None
 Sandblast                Erth           ####..       16%         1    None
 Corpse Rot               Necr           N/A          24%         2    None
 Passwall                 Tmut/Erth      ####....     24%         2    None
 Slow                     Hex            ####....     24%         2    None
 Sticks to Snakes         Tmut           ####....     24%         2    None
 Sublimation of Blood     Necr           ####......   24%         2    None
 Ice Form                 Ice/Tmut       ######..     30%         4    None
 Confuse                  Hex            ####....     41%         3    None
 Ignite Poison            Fire/Tmut/Pois ####....     41%         3    None
 Inner Flame              Hex/Fire       ####....     41%         3    None
 Spider Form              Tmut/Pois      ####......   41%         3    None
 Tukima's Dance           Hex            ####....     41%         3    None
 Vampiric Draining        Necr           ####......   41%         3    None
 Animate Dead             Necr           N/A          80%         4    None
 Cause Fear               Hex            ####......   80%         4    None
 Leda's Liquefaction      Hex/Erth       ####......   80%         4    None
 Olgreb's Toxic Radiance  Pois           ####....     80%         4    None
 Petrify                  Tmut/Erth      ####....     80%         4    None
 Iskenderun's Battlesphe  Conj/Chrm      #######.     1%          5    None
 Bolt of Draining         Conj/Necr      #######...   2%          5    None
 Fireball                 Conj/Fire      #######...   2%          5    None
 Venom Bolt               Conj/Pois      #######...   2%          5    None
 Bolt of Cold             Conj/Ice       #######...   2%          6    ####...
 Shadow Creatures         Summ           N/A          4%          6    ####...
 Silence                  Hex/Air        ######....   10%         5    None
 Bolt of Fire             Conj/Fire      #######...   11%         6    ####...
 Iron Shot                Conj/Erth      #######...   11%         6    ####...
 Bolt of Magma            Conj/Fire/Erth ######....   12%         5    None
 Summon Mana Viper        Hex/Summ       ######..     17%         5    None
 Summon Hydra             Summ           #######...   19%         7    #####..
 Metabolic Englaciation   Hex/Ice        ######....   61%         5    None
 Ozocubu's Refrigeration  Ice            ######....   63%         6    ####...
 Excruciating Wounds      Chrm/Necr      #####.....   73%         5    None
 Dispersal                Tloc           ######....   87%         6    ####...
 Agony                    Necr           ####....     98%         5    None
 Alistair's Intoxication  Tmut/Pois      ####....     98%         5    None
 Blade Hands              Tmut           ####......   98%         5    None
 Borgnjor's Vile Clutch   Necr/Erth      ####......   98%         5    None
 Dispel Undead            Necr           ####....     98%         5    None
 Lee's Rapid Deconstruct  Erth           ####......   98%         5    None
 Yara's Violent Unravell  Hex/Tmut       ####......   98%         5    None
 Simulacrum               Ice/Necr       ######....   98%         6    ####...
 Haunt                    Necr/Summ      ######....   99%         7    #####..
 Darkness                 Hex            ####......   100%        6    ####...
 Death Channel            Necr           ####......   100%        6    ####...
 Hydra Form               Tmut           ####......   100%        6    ####...
 Invisibility             Hex            ####....     100%        6    ####...
 Statue Form              Tmut/Erth      ####.....    100%        6    ####...
 Dragon Form              Tmut           ####......   100%        7    #####..
 Ring of Flames           Chrm/Fire      #####.....   100%        7    #####..
 Borgnjor's Revivificati  Necr           ####......   100%        8    #######
 Controlled Blink         Tloc           N/A          100%        8    #######
 Death's Door             Chrm/Necr      #####.....   100%        8    #######
 Disjunction              Tloc           ######....   100%        8    #######
 Ignition                 Fire           ####......   100%        8    #######
 Infestation              Necr           ####......   100%        8    #######
 Necromutation            Tmut/Necr      ####......   100%        8    #######
 Dragon's Call            Summ           #######...   100%        9    #######


Dungeon Overview and Level Annotations

Branches:
Dungeon (15/15)            Temple (1/1) D:4            Lair (6/6) D:10
 Shoals (4/4) Lair:3       Spider (4/4) Lair:2        Slime (5/5) Lair:5
    Orc (2/2) D:9             Elf (3/3) Orc:2        Vaults (5/5) D:13
  Crypt (0/3) Vaults:3     Depths (5/5) D:15            Zot (5/5) Depths:5

Altars:
Ashenzari
Cheibriados
Dithmenos
Elyvilon
Fedhas
Gozag
Hepliaklqana
Kikubaaqudgha
Makhleb
Nemelex Xobeh
Okawaru
Qazlal
Ru
Sif Muna
Trog
Uskayaw
Vehumet
Wu Jian
Xom
Yredelemnul
Zin
The Shining One

Shops:
D:7 }   D:8 ?   D:11 (   D:14 }}[((   Orc:2 %*[*(:   Elf:1 *   Elf:2 =
Elf:3 :   Shoals:2 =   Shoals:4 }   Vaults:1 =

Portals:
Hell: Depths:1 Depths:2 Depths:3 Depths:4 Depths:5
Abyss: Depths:1 Depths:2 Depths:3 Depths:4
Pandemonium: Depths:3 Depths:4
Ziggurat: Depths:4
Trove: Vaults:1 (give 7 potions of haste)

Annotations:
D:15 exclusion: Azrael
Lair:5 exclusion: downstairs
Depths:2 1 exclusion
Depths:5 3 runed doors, exclusion: obsidian statue, Buw Zyr's ghost, adept MiFi


Innate Abilities, Weirdness & Mutations

You have a beak for a mouth.
You have claws for feet.
You can fly continuously.
You are partially covered in iridescent scales. (AC +2)
You have a somewhat thin skeletal structure. (Dex +2, Stealth)
Your body sometimes deteriorates upon taking damage.
Your spells are a little harder to cast, but a little more powerful.
Potions are less effective at restoring your health.


Message History

Press: ? - help, Shift-Dir - straight line This square is covered in magical glow.
The rock shatters into small pieces.
There is a stone staircase leading up here.
You fly upwards.
There is a stone staircase leading down here.
There is an escape hatch in the ceiling here.
A mysterious force pulls you upwards. The hatch slams shut behind you.
You found a shaft!
You reach down and open the door.
There is an open door here.
A rust devil comes into view.
The rust devil moves out of view.
You can't go up here!
There is an open door here.
There is an open door here.
There is a staircase leading out of the dungeon here.
Evoke which item? (* to show all) (? for menu, Esc to quit)
Okay, then.
You have escaped!

## ######
.###############....#
.....##...##........####
###.....###...#####)...####
..####.....####...####....#
.....###'###.........###..#
⌠......'.'......@......#.##
.....###'###.........###.##
..####.....####...####....#
###....#......#####.......#
....##..#................##
...##..#.....##...###..##.#
..###.###..######## #######
.########.######
.#.............#


There were no monsters in sight!

Vanquished Creatures
  the Royal Jelly (Slime:5)
  3 orbs of fire (Zot:5)
  7 ancient liches
  Sojobo (Depths:4)
  Boris (Depths:4)
  Frederick (Vaults:5)
  A shard shrike (Zot:4)
  2 curse toes (Zot:5)
  A Killer Klown (Zot:4)
  Saint Roka (Vaults:1)
  7 golden dragons
  Nikola (Vaults:2)
  the Enchantress (Depths:5)
  A bone dragon (Abyss:2)
  An electric golem (Zot:5)
  2 Hell Sentinels
  An Ice Fiend (IceCv)
  19 tentacled monstrosities
  24 Orb Guardians
  2 deep elf blademasters (Elf:3)
  9 titans
  Asterion (Spider:3)
  A lich (Depths:5)
  2 tentacled starspawn (Abyss:2)
  4 death cobs
  6 sphinxes
  6 quicksilver dragons
  17 acid blobs
  2 deep elf master archers (Elf:3)
  A kraken (Shoals:4)
  4 draconian monks
  Polyphemus (Shoals:2)
  9 shadow dragons
  14 storm dragons
  Ilsuiw (Shoals:3)
  12 fire giants
  5 tengu reavers
  2 nagarajas (Depths:4)
  8 azure jellies
  6 frost giants
  2 iron dragons
  5 deep elf sorcerers
  3 orc warlords
  8 ghost moths
  5 draconian knights
  3 draconian scorchers
  18 vault wardens
  A caustic shrike zombie (WizLab)
  5 deep elf elementalists
  7 draconian shifters
  2 reapers
  An emperor scorpion (Spider:4)
  8 entropy weavers
  16 stone giants
  2 draconian annihilators
  5 spriggan defenders
  14 ironheart preservers
  2 war gargoyles (Vaults:5)
  32 very ugly things
  5 vampire knights
  5 deep elf demonologists
  4 deep elf annihilators (Elf:3)
  3 green draconians
  10 black draconians
  Azrael (D:15)
  A lorocyproca (Abyss:2)
  7 red draconians
  2 minotaurs
  9 yellow draconians
  3 spark wasps (Depths:5)
  8 purple draconians
  14 white draconians
  A dire elephant (Lair:6)
  9 ettins
  7 deep elf death magi
  Snorg (Orc:2)
  6 death oozes (Slime:5)
  2 merfolk javelineers
  5 deep elf high priests
  A blizzard demon (Abyss:2)
  2 mummy priests (WizLab)
  7 merfolk impalers
  An eidolon (Vaults:3)
  8 great orbs of eyes
  2 crystal guardians (Abyss:5)
  12 fire dragons
  A great orb of eyes (shapeshifter) (Abyss:5)
  8 yaktaur captains
  27 vault guards
  4 hydras
  5 rakshasas
  An ice dragon (shapeshifter) (Abyss:5)
  A naga warrior (Depths:4)
  11 ice dragons
  4 merfolk avatars
  An anaconda (shapeshifter) (D:14)
  7 spriggan air magi
  2 ghost crabs (Lair:3)
  A catoblepas (Shoals:2)
  11 centaur warriors
  3 death knights
  2 merfolk aquamancers
  29 dancing weapons
  3 satyrs (Shoals:4)
  36 two-headed ogres
  14 ogre magi
  3 deep troll shamans
  4 orc high priests
  7 deep troll earth magi
  5 tengu warriors
  3 death yaks (Shoals:2)
  3 vampire magi
  6 thrashing horrors
  5 spriggan berserkers
  A soul eater (D:6)
  A sun demon (D:14)
  14 deep elf knights
  A sixfirhy (D:6)
  A wretched star (Abyss:2)
  8 skeletal warriors
  3 hell knights
  3 iron trolls
  4 fire crabs (Lair:3)
  3 salamander mystics
  6 sea snakes
  6 glowing orange brains
  14 unseen horrors
  A glowing orange brain (shapeshifter) (Elf:3)
  6 large abominations
  4 flayed ghosts
  2 orange crystal statues
  27 deep trolls
  Pikel (D:9)
  A harpy (shapeshifter) (Elf:2)
  2 wizards
  17 ironbrand convokers
  A shadow demon (Zot:5)
  2 lindwurms
  4 starcursed masses (Abyss:2)
  2 obsidian statues
  18 deep elf archers
  14 orc knights
  An orb spider (shapeshifter) (Vaults:2)
  56 deep elf magi
  A necromancer (Depths:4)
  10 fauns
  8 phantasmal warriors
  11 harpies
  11 orb spiders
  8 cyclopes
  7 orc sorcerers
  17 wolf spiders
  40 ugly things
  A frost giant zombie (WizLab)
  A sphinx zombie (WizLab)
  5 salamanders (Depths:5)
  5 manticores
  3 merfolk sirens
  13 elephants
  A shining eye (shapeshifter) (Depths:4)
  A salamander (shapeshifter) (Vaults:2)
  25 moths of wrath
  7 shining eyes
  An eye of devastation (shapeshifter) (Depths:5)
  2 black mambas
  3 guardian serpents (shapeshifter)
  Psyche (D:9)
  12 vault sentinels
  A demonspawn zombie (WizLab)
  An ice statue (IceCv)
  A centaur zombie (D:14)
  2 naga magi (Depths:4)
  A water nymph (Shoals:4)
  2 gargoyles
  An apocalypse crab (Lair:3)
  8 spiny frogs
  3 rime drakes (Lair:6)
  55 yaktaurs
  11 demonic crawlers
  A rime drake (shapeshifter) (Elf:3)
  A yaktaur (shapeshifter) (Vaults:1)
  2 orange demons
  6 freezing wraiths
  2 anaconda simulacra (IceCv)
  4 kobold demonologists
  2 ice devils (IceCv)
  4 komodo dragons
  A guardian mummy (WizLab)
  2 ancient zymes
  3 tengu conjurers
  5 trolls
  14 merfolk
  2 meliai (shapeshifter)
  10 hornets
  3 wind drakes
  2 polar bears (Lair:4)
  24 jumping spiders
  A hornet (shapeshifter) (Depths:5)
  A hippogriff (shapeshifter) (Vaults:4)
  2 raiju (Abyss:2)
  A fire dragon zombie (WizLab)
  6 hippogriffs
  68 slime creatures
  6 dream sheep
  A deep troll zombie (WizLab)
  A snapping turtle (shapeshifter) (Abyss:5)
  4 snapping turtles
  33 redbacks
  2 spriggans (shapeshifter)
  3 vampires
  3 ynoxinuls
  4 shadows
  11 water elementals
  21 tarantellas
  A wyvern (D:12)
  5 spriggans
  2 air elementals
  A dire elephant simulacrum (IceCv)
  18 yaks
  3 wraiths (Vaults:4)
  4 fire elementals
  Grum (D:11)
  A human (D:7)
  A fire bat (Abyss:2)
  A hungry ghost (D:15)
  4 hogs (D:7)
  A fire bat (shapeshifter) (Vaults:2)
  A death yak simulacrum (IceCv)
  5 basilisks
  3 chaos spawn
  3 neqoxecs
  6 golden eyes
  A golden eye (shapeshifter) (Depths:1)
  3 harpy simulacra (IceCv)
  6 wargs
  A human zombie (WizLab)
  An iron troll simulacrum (IceCv)
  A hell hound (D:15)
  7 water moccasins
  35 orc warriors
  4 hydra simulacra
  2 floating eyes
  2 porcupines
  A black bear (shapeshifter) (Vaults:1)
  2 slaves (D:9)
  An ice beast (D:6)
  8 small abominations (Abyss:2)
  2 phantoms
  4 sky beasts
  2 alligator simulacra (IceCv)
  7 eyes of draining
  A hornet zombie (D:14)
  A black bear (D:13)
  8 wolves
  A wolf (shapeshifter) (Vaults:5)
  A necrophage (D:12)
  18 boggarts
  32 ogres
  2 crocodiles
  12 centaurs
  A centaur (shapeshifter) (Abyss:5)
  2 big kobolds
  9 bullfrogs
  4 earth elementals
  A gnoll sergeant (D:5)
  A wyvern skeleton (D:12)
  6 scorpions
  16 killer bees
  An elephant simulacrum (IceCv)
  A wight (D:12)
  A human simulacrum (Vaults:2)
  7 electric eels
  8 crimson imps
  3 quasits
  2 bullfrog zombies
  3 draconian simulacra (IceCv)
  4 centaur skeletons
  21 orc priests
  8 hounds
  3 jellies
  11 orc wizards
  An iron imp (Abyss:2)
  Natasha (thrice) (D:2)
  3 iguanas
  2 troll simulacra (IceCv)
  4 worker ants
  A centaur simulacrum (IceCv)
  A hound skeleton (D:8)
  4 gnolls (D:5)
  10 adders
  6 naga simulacra (IceCv)
  A howler monkey skeleton (D:8)
  2 shadow imps
  3 white imps
  3 ufetubi
  An adder zombie (D:5)
  2 adder skeletons (D:4)
  4 worms
  A worm (shapeshifter) (Depths:3)
  2 dart slugs
  4 leopard geckos
  52 orcs
  4 giant cockroaches
  6 goblins
  7 hobgoblins
  18 kobolds
  5 quokkas
  A ball python (D:4)
  9 bats
  4 frilled lizards
  A quokka skeleton (D:4)
  A quokka zombie (D:5)
  7 rats
  2 crawling corpses (Elf:3)
  2 lurking horrors (Abyss:5)
  A plant (Shoals:4)
  2 starspawn tentacles (Abyss:2)
1951 creatures vanquished.

Vanquished Creatures (collateral kills)
  An orb of fire (Zot:4)
  An ancient lich (WizLab)
  2 Killer Klowns (Zot:5)
  A curse toe (Zot:5)
  3 golden dragons
  An electric golem (Zot:2)
  3 tentacled monstrosities
  A deep elf blademaster (Elf:2)
  2 Orb Guardians (Zot:5)
  5 acid blobs
  A quicksilver dragon (Zot:2)
  2 tentacled starspawn (Abyss:2)
  2 death cobs (Zot:2)
  A shadow dragon (Vaults:5)
  4 storm dragons
  A tengu reaver (Vaults:5)
  A draconian monk (Zot:1)
  2 azure jellies (Slime:4)
  2 draconian scorchers
  2 draconian shifters
  2 frost giants
  A caustic shrike zombie (WizLab)
  A ghost moth (Lair:2)
  A deep elf sorcerer (Vaults:2)
  6 vault wardens
  A draconian stormcaller (Zot:1)
  6 emperor scorpions
  3 ironheart preservers
  14 very ugly things
  A stone giant (Orc:1)
  A spriggan defender (Depths:5)
  Nessos (D:13)
  An entropy weaver (Lair:3)
  A deep elf demonologist (Elf:3)
  3 green draconians
  2 deep elf annihilators
  4 purple draconians
  2 black draconians
  4 ettins
  2 red draconians (Zot:1)
  2 merfolk javelineers (Shoals:4)
  3 yaktaur captains
  3 merfolk impalers
  2 fire dragons
  A death ooze (Slime:4)
  A jiangshi (Vaults:3)
  4 great orbs of eyes
  A hydra (Lair:4)
  3 rakshasas
  9 vault guards
  An ice dragon (Depths:3)
  An alligator snapping turtle (Shoals:4)
  2 catoblepae
  2 death knights
  A merfolk aquamancer (Shoals:4)
  Erica (Lair:1)
  A centaur warrior (Vaults:4)
  4 deep troll shamans
  2 satyrs
  2 tengu warriors
  3 dancing weapons
  3 deep troll earth magi
  7 ogre magi
  Urug (D:13)
  A hell hog (Abyss:2)
  16 two-headed ogres
  An orc high priest (Orc:2)
  A vampire mage (Depths:4)
  A thrashing horror (Abyss:5)
  A spriggan berserker (Depths:4)
  A wretched star (Abyss:2)
  22 slime creatures
  A hell knight (Depths:5)
  5 deep elf knights
  7 sea snakes
  A sea snake (shapeshifter) (Abyss:2)
  4 skeletal warriors
  2 large abominations (Abyss:2)
  2 flayed ghosts
  8 deep trolls
  A swamp dragon (Lair:6)
  2 phantasmal warriors
  A wizard (D:13)
  6 deep elf archers
  2 harpies (Shoals:2)
  6 orc knights
  2 ironbrand convokers
  A lindwurm (Lair:6)
  3 orb spiders
  20 deep elf magi
  2 shining eyes
  3 oklob plants
  9 ugly things
  A frost giant zombie (WizLab)
  10 wolf spiders
  2 orc sorcerers (Orc:2)
  7 fauns
  8 merfolk sirens
  5 moths of wrath
  3 manticores
  2 centaur zombies
  4 elephants
  A guardian serpent (Elf:1)
  A guardian serpent (shapeshifter) (Vaults:5)
  A torpor snail (Spider:2)
  5 black mambas
  2 smoke demons
  4 vault sentinels
  Joseph (D:8)
  An eye of devastation (Slime:3)
  4 water nymphs
  5 spiny frogs
  A tormentor (Abyss:2)
  A human zombie (WizLab)
  3 komodo dragons
  3 demonic crawlers
  2 rime drakes
  13 yaktaurs
  5 freezing wraiths
  An ice devil (IceCv)
  3 guardian mummies (WizLab)
  A queen bee (shapeshifter) (Abyss:2)
  18 jumping spiders
  An anaconda simulacrum (IceCv)
  15 merfolk
  A queen bee (D:10)
  3 trolls
  4 hornets
  A deep troll zombie (WizLab)
  9 hippogriffs
  A frost giant simulacrum (Vaults:3)
  A blink frog (Lair:6)
  14 dream sheep
  3 centaur simulacra
  5 snapping turtles
  A spriggan (Depths:4)
  11 yaks
  A flying skull (Abyss:5)
  2 vampires (Depths:4)
  8 redbacks
  10 tarantellas
  4 water elementals
  A wyvern (D:15)
  A wraith (Vaults:3)
  4 basilisks
  4 small abominations (Abyss:2)
  2 golden eyes (Abyss:2)
  A steam dragon (Lair:6)
  3 hungry ghosts
  6 wargs
  3 harpy simulacra (IceCv)
  2 vampire mosquitoes (D:13)
  A warg (shapeshifter) (Vaults:2)
  3 acid dragons
  2 hydra simulacra (IceCv)
  6 water moccasins
  3 hell hounds (D:15)
  A swamp drake (Lair:6)
  13 orc warriors
  3 porcupines
  2 slaves (D:9)
  2 eyes of draining
  2 ice beasts
  3 wolves
  9 ogres
  A phantom (D:10)
  6 centaurs
  5 boggarts
  8 crocodiles
  A big kobold (D:14)
  10 bullfrogs
  An earth elemental (Elf:3)
  A wyvern skeleton (D:9)
  A scorpion (D:9)
  20 killer bees
  3 wights
  2 howler monkeys
  2 crimson imps
  15 orc priests
  A quasit (Abyss:2)
  A hound (D:11)
  A jelly (D:10)
  An iguana (D:10)
  11 orc wizards
  2 troll simulacra (IceCv)
  2 adders
  2 naga simulacra (IceCv)
  A shadow imp (D:13)
  4 ufetubi
  An adder skeleton (D:9)
  39 orcs
  4 kobolds
  A plant (Shoals:4)
724 creatures vanquished.

Vanquished Creatures (others)
  An Orb Guardian (Zot:5)
  A draconian monk (Zot:4)
  A draconian knight (Zot:4)
  A fire giant (Depths:4)
  2 yaktaur captains (Vaults:5)
  A deep elf mage (Elf:2)
  A wolf spider (Spider:1)
  A moth of wrath (Zot:5)
  A vault sentinel (Vaults:2)
  A yaktaur (Vaults:5)
  A jumping spider (Spider:1)
  A tarantella (Spider:1)
  An air elemental (Abyss:2)
  A redback (Spider:1)
  2 sky beasts (D:10)
  A killer bee (D:10)
  An iguana (Lair:6)
  2 white imps (IceCv)
  7 ufetubi
  A quokka (D:15)
  22 fungi
  40 plants
  A snaplasher vine (Elf:3)
  12 starspawn tentacles (Abyss:2)
  A withered plant (Shoals:2)
105 creatures vanquished.

Grand Total: 2780 creatures vanquished

Notes
Turn   | Place    | Note
-------+----------+-------------------------------------------
     0 | D:1      | MeekVeins the Tengu Air Elementalist began the quest for
                  | the Orb.
     0 | D:1      | Reached XP level 1. HP: 10/10 MP: 4/4
   236 | D:1      | Reached XP level 2. HP: 15/15 MP: 4/6
   315 | D:1      | Reached skill level 2 in Conjurations
   851 | D:2      | Reached XP level 3. HP: 13/19 MP: 1/7
  1159 | D:2      | Learned a level 2 spell: Swiftness
  1185 | D:2      | Noticed Natasha
  1192 | D:2      | Killed Natasha
  1192 | D:2      | Reached skill level 6 in Air Magic
  1192 | D:2      | Reached XP level 4. HP: 10/24 MP: 4/8
  1549 | D:2      | Noticed Natasha
  1558 | D:2      | Killed Natasha
  1558 | D:2      | Reached skill level 1 in Charms
  2047 | D:2      | Noticed Natasha
  2060 | D:2      | HP: 1/24 [Natasha (7)]
  2061 | D:2      | Killed Natasha
  2061 | D:2      | Gained mutation: You can fly. [Tengu growth]
  2061 | D:2      | Reached XP level 5. HP: 1/28 MP: 2/9
  2408 | D:3      | Gained mutation: Your body sometimes deteriorates upon
                  | taking damage. [potion of mutation]
  2408 | D:3      | Gained mutation: You are partially covered in iridescent
                  | scales. (AC +2) [potion of mutation]
  2408 | D:3      | Gained mutation: Your spells are a little harder to cast,
                  | but a little more powerful. [potion of mutation]
  2625 | D:3      | Found a shadowy altar of Dithmenos.
  3009 | D:3      | Found a stormy altar of Qazlal.
  3319 | D:4      | Found a staircase to the Ecumenical Temple.
  3336 | Temple   | Entered the Ecumenical Temple
  3377 | Temple   | Became a worshipper of Elyvilon the Healer
  3404 | D:4      | Learned a level 3 spell: Static Discharge
  3475 | D:4      | HP: 1/28 [bullfrog (1)]
  3477 | D:4      | Reached skill level 3 in Conjurations
  3477 | D:4      | Reached XP level 6. HP: 1/32 MP: 3/11
  3840 | D:4      | Reached skill level 3 in Spellcasting
  3840 | D:4      | Reached skill level 4 in Conjurations
  3986 | D:4      | Found a sacrificial altar of Ru.
  4187 | D:5      | Entered Level 5 of the Dungeon
  4259 | D:5      | Reached skill level 5 in Conjurations
  4399 | D:5      | Reached XP level 7. HP: 29/36 MP: 5/12
  4429 | D:5      | Reached skill level 6 in Conjurations
  4642 | D:5      | Reached skill level 7 in Conjurations
  5030 | D:5      | Learned a level 5 spell: Lightning Bolt
  5047 | D:5      | Reached * piety under Elyvilon
  5981 | D:4      | Reached ** piety under Elyvilon
  6233 | D:6      | Reached XP level 8. HP: 41/41 MP: 10/15
  6326 | D:6      | Reached skill level 8 in Conjurations
  6377 | D:6      | Found an iron altar of Okawaru.
  6701 | D:6      | Reached skill level 1 in Fighting
  6799 | D:6      | Reached *** piety under Elyvilon
  6970 | D:7      | Found a snail-covered altar of Cheibriados.
  7043 | D:7      | Found Fafeng's Gadget Boutique.
  7239 | D:5      | You fall through a shaft for 3 floors!
  7256 | D:8      | Noticed a hippogriff
  7275 | D:8      | Found an opulent altar of Gozag.
  7341 | D:8      | Found Ceimeteubb's Magic Scroll Shoppe.
  7371 | D:8      | Reached skill level 3 in Fighting
  7371 | D:8      | Reached skill level 1 in Shields
  7496 | D:7      | Found a hide-covered altar of Uskayaw.
  7506 | D:7      | Learned a level 4 spell: Summon Lightning Spire
  7535 | D:7      | Reached **** piety under Elyvilon
  7665 | D:7      | Reached skill level 1 in Summonings
  7864 | D:7      | Reached skill level 3 in Shields
  7889 | D:7      | Reached skill level 3 in Summonings
  8048 | D:7      | Reached XP level 9. HP: 28/51 MP: 1/16
  8286 | D:7      | Reached skill level 9 in Air Magic
  8594 | D:8      | Found an ornate altar of the Wu Jian Council.
  8795 | D:8      | Found a shattered altar of Ashenzari.
  8991 | D:8      | Noticed Joseph
  8999 | D:8      | Killed Joseph
  9076 | D:8      | Noticed a cyan ugly thing
  9245 | D:9      | Noticed a troll
  9254 | D:9      | Killed a troll
  9254 | D:9      | Reached skill level 1 in Invocations
  9313 | D:9      | Reached skill level 3 in Dodging
  9615 | D:9      | Noticed Pikel
  9635 | D:9      | Noticed Psyche
  9637 | D:9      | Killed Psyche
  9637 | D:9      | Reached XP level 10. HP: 56/56 MP: 2/17
 10109 | D:9      | Killed Pikel
 10319 | D:9      | Found a glowing silver altar of Zin.
 10338 | D:9      | Found a staircase to the Orcish Mines.
 10370 | D:9      | Reached ***** piety under Elyvilon
 10521 | D:10     | Entered Level 10 of the Dungeon
 10652 | D:10     | Reached skill level 1 in Armour
 10901 | D:10     | Reached skill level 3 in Armour
 11265 | D:10     | Identified the +12 chain mail "Xarr" {rPois rCorr Slay+2}
                  | (You found it on level 10 of the Dungeon)
 11340 | D:10     | Noticed a two-headed ogre
 11344 | D:10     | Killed a two-headed ogre
 11344 | D:10     | Reached skill level 3 in Invocations
 11351 | D:10     | Found a staircase to the Lair.
 11518 | D:10     | Reached skill level 6 in Spellcasting
 11892 | D:10     | Reached XP level 11. HP: 56/63 MP: 2/21
 11948 | D:10     | Reached skill level 9 in Conjurations
 12256 | Lair:1   | Entered Level 1 of the Lair of Beasts
 12311 | Lair:1   | Learned a level 3 spell: Conjure Flame
 12381 | Lair:1   | Noticed a six-headed hydra
 12389 | Lair:1   | HP: 2/63 [six-headed hydra (17)]
 12390 | Lair:1   | Killed a six-headed hydra
 12390 | Lair:1   | Reached skill level 10 in Conjurations
 12423 | Lair:1   | Noticed Erica
 13061 | Lair:1   | Reached skill level 11 in Conjurations
 13214 | Lair:1   | Reached skill level 6 in Fighting
 13509 | Lair:1   | Killed Erica
 13509 | Lair:1   | Reached skill level 6 in Summonings
 13543 | Lair:2   | Reached ****** piety under Elyvilon
 13739 | Lair:2   | Identified the Handbook of Twisted Protection
 13744 | Lair:2   | Learned a level 2 spell: Blink
 13756 | Lair:2   | Found a hole to the Spider Nest.
 13770 | Lair:2   | Reached skill level 1 in Translocations
 13900 | Lair:2   | Found a labyrinth entrance.
 13910 | Lab      | Entered a labyrinth
 14442 | Lab      | Noticed a minotaur
 14486 | Lab      | Killed a minotaur
 14486 | Lab      | Reached skill level 6 in Armour
 14486 | Lab      | Reached skill level 6 in Dodging
 14494 | Lab      | Got a sparkling silver ring
 14501 | Lab      | Got an iridescent long sword
 14502 | Lab      | Identified the cursed +0 long sword "Fovenuf" {drain, rC+}
                  | (You found it in a labyrinth)
 14503 | Lab      | Got a distressingly furry plate armour
 14514 | Lab      | Identified the cursed +0 plate armour of a volcano {rElec
                  | rC- Str-5 SInv} (You found it in a labyrinth)
 14521 | Lab      | Identified the ring "Wenyuh" {rC+ EV+3 Int+2 Stlth+} (You
                  | found it in a labyrinth)
 14878 | Lair:2   | Got a blackened mace
 14880 | Lair:2   | Identified the +6 mace "Hell-Harrower" {venom, rC+ rN+
                  | Str+3 Stlth+} (You found it on level 2 of the Lair of
                  | Beasts)
 14911 | Lair:2   | Reached XP level 12. HP: 70/70 MP: 3/22
 15284 | Lair:3   | Found a runed door.
 15478 | Lair:3   | Reached skill level 12 in Conjurations
 15726 | Lair:3   | Found a staircase to the Shoals.
 16009 | Lair:3   | Reached skill level 13 in Conjurations
 16060 | Lair:3   | Noticed an entropy weaver
 16067 | Lair:3   | Killed an entropy weaver
 16146 | Lair:3   | Noticed an entropy weaver
 16149 | Lair:3   | Killed an entropy weaver
 16149 | Lair:3   | Reached skill level 14 in Conjurations
 17083 | Lair:4   | Noticed a five-headed hydra
 17101 | Lair:4   | Noticed a four-headed hydra
 17102 | Lair:4   | Killed a five-headed hydra
 17113 | Lair:4   | Killed a four-headed hydra
 17816 | Lair:5   | Reached XP level 13. HP: 78/78 MP: 22/26
 18557 | Lair:5   | Found a staircase to the Slime Pits.
 18894 | Lair:6   | Entered Level 6 of the Lair of Beasts
 19465 | Lair:6   | Learned a level 4 spell: Airstrike
 19573 | Lair:6   | Reached skill level 15 in Conjurations
 19820 | Lair:6   | Reached skill level 9 in Spellcasting
 20340 | Lair:6   | Noticed a fire dragon
 20781 | Lair:6   | Noticed a dire elephant
 20785 | Lair:6   | Gained mutation: You can fly continuously. [Tengu growth]
 20785 | Lair:6   | Reached XP level 14. HP: 84/84 MP: 17/29
 20791 | Lair:6   | Killed a dire elephant
 20791 | Lair:6   | Reached skill level 16 in Conjurations
 20820 | Lair:6   | Identified a scroll of acquirement
 20850 | Lair:6   | Learned a level 7 spell: Orb of Destruction
 20947 | Lair:6   | Found a blossoming altar of Fedhas.
 21657 | Lair:3   | Noticed an entropy weaver
 21660 | Lair:3   | Killed an entropy weaver
 21761 | Lair:3   | Reached skill level 17 in Conjurations
 21773 | Lair:3   | Noticed an entropy weaver
 21780 | Lair:3   | Killed an entropy weaver
 22045 | Orc:1    | Entered Level 1 of the Orcish Mines
 22049 | Orc:1    | Reached skill level 1 in Evocations
 22077 | Orc:1    | Noticed an orc warlord
 22203 | Orc:1    | Noticed a stone giant
 22239 | Orc:2    | Entered Level 2 of the Orcish Mines
 22257 | Orc:2    | Found Buzat's Food Boutique.
 22261 | Orc:2    | Noticed Snorg
 22296 | Orc:2    | Killed Snorg
 22296 | Orc:2    | Reached skill level 3 in Evocations
 22483 | Orc:2    | Found a staircase to the Elven Halls.
 22956 | Orc:2    | Noticed an orc warlord
 23003 | Orc:2    | Killed an orc warlord
 23292 | Orc:2    | Reached skill level 6 in Evocations
 23351 | Orc:2    | Found Odaid's Assorted Antiques.
 23367 | Orc:2    | Bought a green potion for 27 gold pieces
 23451 | Orc:2    | Found Suptuta's General Store.
 23452 | Orc:2    | Found Fyecsudd's Book Shop.
 23454 | Orc:2    | Found Livuott's Antique Armour Boutique.
 23454 | Orc:2    | Found Silarad's Antique Weapon Boutique.
 23503 | Orc:2    | Bought a twisted buckler for 361 gold pieces
 23513 | Orc:2    | Identified the +2 buckler "Esempu Waef" {rElec Dex+2} (You
                  | bought it in a shop on level 2 of the Orcish Mines)
 23645 | Orc:1    | Killed an orc warlord
 23725 | Orc:1    | Killed a stone giant
 24269 | Orc:2    | Bought a scroll of identify for 26 gold pieces
 24316 | Orc:2    | Bought a scroll of identify for 62 gold pieces
 24316 | Orc:2    | Bought a scroll of identify for 62 gold pieces
 24380 | D:8      | Bought a scroll of identify for 24 gold pieces
 24380 | D:8      | Bought a scroll of identify for 24 gold pieces
 24380 | D:8      | Bought a scroll of acquirement for 624 gold pieces
 24546 | D:11     | Noticed Grum
 24550 | D:11     | Killed Grum
 24878 | D:11     | Found Liefeore's Antique Weapon Shoppe.
 24914 | D:11     | Reached skill level 9 in Armour
 25884 | D:12     | Reached XP level 15. HP: 88/88 MP: 23/30
 26272 | D:13     | Noticed Urug
 26279 | D:13     | Killed Urug
 26372 | D:13     | Noticed Nessos
 26384 | D:13     | Killed Nessos
 26384 | D:13     | Reached skill level 1 in Maces & Flails
 26572 | D:13     | Reached skill level 18 in Conjurations
 26643 | D:13     | Reached skill level 3 in Maces & Flails
 26883 | D:13     | Found a gate to the Vaults.
 27462 | D:14     | Found Lougror's Gadget Emporium.
 27574 | D:14     | Found Xefuergh's Weapon Shop.
 27638 | D:14     | Reached skill level 9 in Fighting
 27712 | D:14     | Found Xeron's Antique Weapon Emporium.
 27805 | D:14     | Found Satur's Armour Shop.
 27844 | D:14     | Found Naodah's Gadget Emporium.
 28696 | D:14     | Got a warped short sword
 28697 | D:14     | Identified the +7 short sword "Nila" {flame, Stlth+} (You
                  | found it on level 14 of the Dungeon)
 28702 | D:14     | Got an iridescent short sword
 28705 | D:14     | Got an ancient bronze ring
 28707 | D:14     | Identified the ring "Lodidwou" {Ice rPois rN+ Int-4} (You
                  | found it on level 14 of the Dungeon)
 28941 | D:15     | Entered Level 15 of the Dungeon
 28941 | D:15     | Noticed Azrael
 29247 | D:15     | Killed Azrael
 29247 | D:15     | Reached skill level 12 in Air Magic
 29533 | D:15     | Reached skill level 9 in Dodging
 29552 | D:15     | Reached XP level 16. HP: 93/97 MP: 12/31
 29787 | D:15     | Found a blossoming altar of Fedhas.
 30001 | D:15     | Found a white marble altar of Elyvilon.
 30182 | D:15     | Found a staircase to the Depths.
 30402 | D:15     | Identified the cursed +3 short sword of the Hills {pain,
                  | rF+ rC+ Int+4} (You found it on level 14 of the Dungeon)
 30893 | Shoals:1 | Entered Level 1 of the Shoals
 31295 | Shoals:1 | Reached skill level 12 in Armour
 31354 | Shoals:1 | Identified the +9 hand axe "Afym" {elec, +Rage rPois rF+
                  | Dex+2} (You took it off a merfolk on level 1 of the Shoals)
 31895 | Shoals:2 | Reached skill level 1 in Axes
 32331 | Shoals:2 | Reached skill level 3 in Axes
 32421 | Shoals:2 | Noticed Polyphemus
 32499 | Shoals:2 | Killed Polyphemus
 32507 | Shoals:2 | Reached skill level 9 in Summonings
 32548 | Shoals:2 | Found Axzux's Jewellery Shop.
 33401 | Shoals:3 | Learned a level 7 spell: Spellforged Servitor
 33529 | Shoals:3 | Noticed Ilsuiw
 33537 | Shoals:3 | Killed Ilsuiw
 33828 | Shoals:3 | Reached XP level 17. HP: 54/102 MP: 22/32
 34332 | Shoals:4 | Entered Level 4 of the Shoals
 34358 | Shoals:4 | Found Yce Xiag's Gadget Boutique.
 34726 | Shoals:4 | Reached skill level 19 in Conjurations
 36254 | Shoals:4 | Noticed a kraken
 36297 | Shoals:4 | Got a barnacled rune of Zot
 36788 | Shoals:4 | Killed a kraken
 37184 | Lair:1   | Upgraded the game from 0.23-a0-313-gf30bb39dab to
                  | 0.23-a0-316-g6773f7a52e
 37242 | Spider:1 | Entered Level 1 of the Spider Nest
 37566 | Spider:1 | Reached skill level 12 in Summonings
 37618 | Spider:1 | Reached skill level 6 in Axes
 37693 | Spider:1 | Found a frozen archway.
 37725 | IceCv    | Entered an ice cave
 38157 | IceCv    | Identified the ring of Xerchogge {Ice +Blink MR- Int+5
                  | Dex+3} (You acquired it in an ice cave)
 38468 | IceCv    | Noticed an Ice Fiend
 38491 | IceCv    | Killed an Ice Fiend
 38665 | IceCv    | Got a pitted crystal amulet
 38666 | IceCv    | Identified the amulet "Fusees" {+Rage rC++ Dex-4} (You
                  | found it in an ice cave)
 38676 | IceCv    | Got a spiked hat
 38682 | IceCv    | Identified the +1 hat of the Monk {rF- rC+ rN+ Str+4 Dex+3}
                  | (You found it in an ice cave)
 39337 | Vaults:1 | Entered Level 1 of the Vaults
 39408 | Vaults:1 | Found a portal to a secret trove of treasure.
 39446 | Vaults:1 | Found a magical portal.
 39452 | WizLab   | Entered Doroklohe's Tomb
 39668 | WizLab   | Noticed an ancient lich
 39718 | WizLab   | Was placed under penance by Elyvilon
 39900 | WizLab   | Reached XP level 18. HP: 87/106 MP: 20/34
 40051 | WizLab   | Killed an ancient lich
 40051 | WizLab   | Reached skill level 12 in Spellcasting
 40061 | WizLab   | Identified the ring of Ynnuf {*Corrode +Blink rF+ rC+++
                  | Dex-5} (You acquired it in a wizard's laboratory)
 40410 | Vaults:1 | Reached skill level 9 in Axes
 41090 | Vaults:1 | Was forgiven by Elyvilon
 41425 | Vaults:1 | Identified the +7 arbalest of a wizard's laboratory
                  | {freeze, rElec} (You found it on level 1 of the Vaults)
 41602 | Vaults:1 | Found Vifogor's Jewellery Emporium.
 41610 | Vaults:1 | Noticed Saint Roka
 41630 | Vaults:1 | Killed Saint Roka
 42003 | Vaults:2 | Paralysed by an ogre mage for 6 turns
 42379 | Vaults:2 | Reached skill level 20 in Conjurations
 43009 | Vaults:2 | Reached XP level 19. HP: 113/113 MP: 10/36
 43032 | Vaults:2 | Identified the +4 chain mail of Absence {rC- Int+7} (You
                  | found it on level 2 of the Vaults)
 43482 | Vaults:2 | Noticed Nikola
 43497 | Vaults:2 | Killed Nikola
 44655 | Vaults:3 | Reached skill level 6 in Invocations
 44790 | Vaults:3 | Reached skill level 12 in Fighting
 45017 | D:14     | Bought a lamp of fire for 760 gold pieces
 45301 | Vaults:3 | Reached skill level 15 in Summonings
 45924 | Vaults:3 | Found a staircase to the Crypt.
 46718 | Vaults:4 | Reached XP level 20. HP: 83/121 MP: 19/38
 48345 | Vaults:4 | Reached skill level 21 in Conjurations
 49777 | Spider:2 | Identified the +4 scale mail of Onotam {-Cast rC+ rN+
                  | Regen+} (You found it on level 2 of the Spider Nest)
 49926 | Spider:3 | Noticed Asterion
 49936 | Spider:3 | Killed Asterion
 50585 | Spider:4 | Entered Level 4 of the Spider Nest
 50862 | Spider:4 | Reached XP level 21. HP: 119/126 MP: 35/40
 51147 | Spider:4 | Got a gossamer rune of Zot
 51943 | Shoals:4 | Identified the +8 chain mail of the Untouchables {rElec}
                  | (You took it off a merfolk impaler on level 4 of the
                  | Shoals)
 52106 | Slime:1  | Entered Level 1 of the Pits of Slime
 52192 | Slime:1  | Reached skill level 22 in Conjurations
 52445 | Slime:1  | Learned a level 5 spell: Summon Forest
 52573 | Slime:3  | Reached skill level 3 in Translocations
 52577 | Slime:3  | Gained mutation: You tend to lose your temper in combat. [a
                  | shining eye]
 52814 | Slime:3  | Gained mutation: Armour fits poorly on your strangely
                  | shaped body. [a shining eye]
 52815 | Slime:3  | Gained mutation: You are frail. (-10% HP) [a shining eye]
 52817 | Slime:2  | Gained mutation: You are weak. (Str -2) [a shining eye]
 52818 | Slime:2  | Gained mutation: You are very frail. (-20% HP) [a shining
                  | eye]
 52822 | Slime:2  | Gained mutation: You are dopey. (Int -2) [a shining eye]
 52825 | Slime:2  | Lost mutation: Your body sometimes deteriorates upon taking
                  | damage. [potion of mutation]
 52825 | Slime:2  | Lost mutation: You tend to lose your temper in combat.
                  | [potion of mutation]
 52825 | Slime:2  | Lost mutation: You are dopey. (Int -2) [potion of mutation]
 52825 | Slime:2  | Lost mutation: Armour fits poorly on your strangely shaped
                  | body. [potion of mutation]
 52825 | Slime:2  | Gained mutation: You occasionally shout uncontrollably at
                  | your foes. [potion of mutation]
 52825 | Slime:2  | Gained mutation: You expend magic power (3 MP) to
                  | strengthen your wands. [potion of mutation]
 52984 | Slime:2  | Learned a level 4 spell: Airstrike
 53128 | Slime:3  | Lost mutation: Your spells are a little harder to cast, but
                  | a little more powerful. [a shining eye]
 53522 | Elf:1    | Entered Level 1 of the Elven Halls
 53899 | Elf:1    | Found Huasoroa's Assorted Antiques.
 53946 | Elf:1    | Identified the Catalogue of the Poisonous Birds
 54077 | Elf:1    | Identified the ring of Untruth {MR+ MP+9 Int+2} (You
                  | acquired it on level 1 of the Elven Halls)
 54432 | Elf:1    | Lost mutation: You are very frail. (-20% HP) [potion of
                  | mutation]
 54432 | Elf:1    | Lost mutation: You occasionally shout uncontrollably at
                  | your foes. [potion of mutation]
 54432 | Elf:1    | Lost mutation: You are frail. (-10% HP) [potion of
                  | mutation]
 54432 | Elf:1    | Gained mutation: Armour fits poorly on your strangely
                  | shaped body. [potion of mutation]
 54432 | Elf:1    | Gained mutation: You are robust. (+10% HP) [potion of
                  | mutation]
 54432 | Elf:1    | Gained mutation: You are very robust. (+20% HP) [potion of
                  | mutation]
 54432 | Elf:1    | Gained mutation: You are covered in fur. (AC +1) [potion of
                  | mutation]
 55266 | Elf:2    | Found a runed gate.
 55266 | Elf:2    | Found a runed gate.
 55266 | Elf:2    | Found a runed gate.
 55333 | Elf:2    | Found Selypn's Jewellery Emporium.
 55523 | Elf:2    | Reached XP level 22. HP: 117/161 MP: 10/41
 56002 | Elf:3    | Entered Level 3 of the Elven Halls
 56010 | Elf:3    | Learned a level 6 spell: Freezing Cloud
 56112 | Elf:3    | Found Oluowk's Book Boutique.
 56708 | Elf:3    | Reached skill level 1 in Ice Magic
 56811 | Elf:3    | Reached skill level 15 in Air Magic
 57396 | Elf:3    | Identified the ring of Gesezxy {rElec Str-5 Int+5 Dex+7
                  | SInv} (You took it off a deep elf blademaster on level 3 of
                  | the Elven Halls)
 57592 | Elf:3    | Cast into level 2 of the Abyss (a deep elf demonologist)
 57593 | Abyss:2  | Found a corrupted altar of Lugonu.
 57646 | Abyss:2  | Reached skill level 3 in Ice Magic
 57722 | Abyss:2  | Identified the Reference Book on Boosts
 57971 | Abyss:2  | Identified the +0 falchion of Quick Death {holy, *Contam
                  | Dex+4} (You found it on level 2 of the Abyss)
 58083 | Abyss:2  | Upgraded the game from 0.23-a0-316-g6773f7a52e to
                  | 0.23-a0-321-g6bcb69f058
 58264 | Abyss:2  | Was placed under penance by Elyvilon
 58509 | Elf:3    | Escaped the Abyss
 58642 | Elf:3    | Found the ring of the Octopus King
 58679 | Elf:3    | Got a ring of the Octopus King
 58680 | Elf:3    | Identified a ring of the Octopus King {MP+9 AC+1 EV+1 Str+1
                  | Int+1 Dex+1} (You found it on level 3 of the Elven Halls)
 58698 | Elf:3    | Identified the Guide on the Oath
 58829 | Elf:3    | Identified the Grimoire of Augmentations and Black Rituals
 58922 | Elf:3    | Learned a level 6 spell: Deflect Missiles
 59875 | Depths:1 | Entered Level 1 of the Depths
 59924 | Depths:1 | Found a one-way gate to the infinite horrors of the Abyss.
 59964 | Depths:1 | Found a gateway to Hell.
 59989 | Depths:1 | Found a flickering gateway to a bazaar.
 59994 | Bazaar   | Entered a bazaar
 59994 | Bazaar   | Found Asangyuv's Armour Shop.
 59999 | Bazaar   | Found Timarusch's Jewellery Shop.
 60007 | Bazaar   | Bought the amulet "Gudid" {Reflect Int+3 SH+3} for 319 gold
                  | pieces
 60017 | Bazaar   | Found Sisma's Antique Armour Emporium.
 60017 | Bazaar   | Found Nenirch's Weapon Emporium.
 60022 | Bazaar   | Bought a glowing cloak for 157 gold pieces
 60042 | Bazaar   | Was forgiven by Elyvilon
 60043 | Bazaar   | Found Nopyv's General Store.
 60050 | Bazaar   | Bought a potion of invisibility for 88 gold pieces
 60074 | Bazaar   | Bought the ring of Zeilatodgh {rC+ AC+5 Int+2} for 805 gold
                  | pieces
 60157 | Depths:1 | Reached skill level 15 in Spellcasting
 60164 | Depths:1 | Reached skill level 15 in Fighting
 60432 | Depths:1 | Got a jewelled scimitar
 60529 | Depths:1 | Reached skill level 3 in Charms
 60660 | Depths:1 | Reached XP level 23. HP: 155/172 MP: 43/43
 61104 | Depths:1 | Reached skill level 6 in Ice Magic
 61757 | Depths:2 | Identified the +5 scimitar of the Viper {freeze, rC- Str+3
                  | Int+3 Dex+2} (You found it on level 1 of the Depths)
 62277 | Depths:2 | Reached skill level 15 in Armour
 62277 | Depths:2 | Reached skill level 6 in Shields
 63487 | Depths:3 | Found a runed door.
 64192 | Depths:3 | Found a one-way gate leading to the halls of Pandemonium.
 64275 | Depths:3 | Found a runed door.
 64385 | Depths:3 | Reached skill level 9 in Shields
 64385 | Depths:3 | Reached XP level 24. HP: 171/188 MP: 9/43
 64546 | Depths:3 | Got a translucent emerald amulet
 64882 | D:8      | Bought a scroll of identify for 24 gold pieces
 64882 | D:8      | Identified the amulet "Giqyph" {Spirit rElec Str-4 Dex+2}
                  | (You acquired it on level 3 of the Depths)
 65392 | Depths:4 | Noticed Sojobo
 65396 | Depths:4 | Reached skill level 18 in Fighting
 65408 | Depths:4 | Killed Sojobo
 66029 | Depths:4 | Found a gateway to a ziggurat.
 66403 | Depths:4 | Reached skill level 6 in Translocations
 66426 | Depths:4 | Reached skill level 12 in Shields
 66462 | Depths:4 | Noticed Boris
 66590 | Depths:4 | Killed Boris
 66847 | Depths:4 | Identified the +10 hunting sling of the Pariah {freeze,
                  | MP-9 Str+9 Dex+3}
 67310 | Depths:5 | Entered Level 5 of the Depths
 67751 | Depths:5 | Reached XP level 25. HP: 195/195 MP: 40/43
 68201 | Depths:5 | Reached skill level 15 in Shields
 68239 | Depths:5 | Found a runed gate.
 68241 | Depths:5 | Found a runed gate.
 68241 | Depths:5 | Found a runed gate.
 68244 | Depths:5 | Noticed Buw Zyr's ghost (adept MiFi)
 68245 | Depths:5 | Found an opulent altar of Gozag.
 68437 | Depths:5 | Identified the +5 faerie dragon scales {rN+ rCorr Str+2
                  | Stlth+}
 68437 | Depths:5 | Noticed the Enchantress
 68629 | Depths:5 | Killed the Enchantress
 69006 | Depths:5 | Found a gate to the Realm of Zot.
 69058 | Depths:5 | Found a runed gate.
 69061 | Depths:5 | Found an opulent altar of Gozag.
 69427 | Depths:5 | Found a runed gate.
 69428 | Depths:5 | Found a runed gate.
 70082 | Vaults:5 | Entered Level 5 of the Vaults
 70083 | Vaults:5 | Noticed Frederick
 70118 | Vaults:5 | Identified the Handbook of Poison
 70135 | Vaults:5 | Identified the +6 leather armour of the Arcane {rElec} (You
                  | found it on level 5 of the Vaults)
 70500 | Vaults:5 | Killed Frederick
 70817 | Vaults:5 | Identified the cursed ring "Plog" {*Slow rPois rF+++ EV-5
                  | Int-5} (You took it off a vault guard on level 5 of the
                  | Vaults)
 70856 | Vaults:5 | Reached skill level 18 in Armour
 71003 | Vaults:5 | Got a silver rune of Zot
 71091 | Vaults:5 | Identified the ring "Xiemiuwn" {rPois Str-5 Dex+5 SInv}
 71099 | Vaults:5 | Reached skill level 23 in Conjurations
 71235 | Vaults:5 | Reached skill level 6 in Charms
 71259 | Vaults:5 | Reached XP level 26. HP: 96/201 MP: 3/43
 71337 | Vaults:5 | Reached skill level 9 in Evocations
 71965 | Vaults:5 | Identified Sif Muna's Reference Book on the Rocks
 71977 | Vaults:5 | Identified the +4 hand axe of the Whale {chop, rN+}
 72348 | Vaults:5 | Identified the +7 quarterstaff of Xuips {pain, +Inv rF+ rC+
                  | SInv}
 72544 | Vaults:5 | Identified the Collected Works on Battle Magic and
                  | Self-Knowledge
 72624 | Vaults:5 | Found the +7 Kryia's mail coat {PotionHeal*2 rC+}
 72637 | Vaults:5 | Identified Wycihoub's Almanac of Unstable Beguiling
 72827 | Vaults:5 | Noticed an ancient lich
 72828 | Vaults:5 | Cast into level 5 of the Abyss (an ancient lich)
 72828 | Abyss:5  | Entered Level 5 of the Abyss
 72849 | Abyss:5  | Reached skill level 3 in Stealth
 72943 | Abyss:5  | Got an abyssal rune of Zot
 72949 | Vaults:5 | Escaped the Abyss
 72954 | Vaults:5 | Killed an ancient lich
 73142 | Vaults:5 | Reached skill level 6 in Stealth
 74251 | Slime:5  | Entered Level 5 of the Pits of Slime
 74290 | Slime:5  | Noticed the Royal Jelly
 74296 | Slime:5  | Killed the Royal Jelly
 74954 | Slime:5  | Found the +2 hat of the Bear Spirit {Spirit, +Rage rN+
                  | MR++}
 74967 | Slime:5  | Reached skill level 18 in Air Magic
 75026 | Slime:5  | Identified the +1 ring mail "Qain" {rElec} (You found it on
                  | level 5 of the Pits of Slime)
 75029 | Slime:5  | Identified the Guide on Sinister Magic and Moulding
 75065 | Slime:5  | Got a shimmering copper amulet
 75066 | Slime:5  | Identified the amulet of the Seven Lies {Acrobat Str+5}
                  | (You found it on level 5 of the Pits of Slime)
 75068 | Slime:5  | Identified the cursed +0 chain mail of Minor Irritation
                  | {rElec Int+3} (You found it on level 5 of the Pits of
                  | Slime)
 75072 | Slime:5  | Identified the +9 broad axe of the Shark {flame, SInv} (You
                  | found it on level 5 of the Pits of Slime)
 75076 | Slime:5  | Got a slimy rune of Zot
 75077 | Slime:5  | Identified the Papyrus of the Helpful Snowflakes
 75082 | Slime:5  | Identified the +5 scale mail of Watchfulness {SInv} (You
                  | found it on level 5 of the Pits of Slime)
 75836 | Zot:1    | Entered Level 1 of the Realm of Zot
 76290 | Depths:5 | Reached skill level 24 in Conjurations
 76885 | Depths:5 | Reached XP level 27. HP: 157/207 MP: 36/43
 77922 | Zot:1    | Reached skill level 25 in Conjurations
 78282 | Zot:1    | Reached skill level 12 in Axes
 78924 | Zot:1    | Gained mutation: You tend to lose your temper in combat.
                  | [mutagenic glow]
 79137 | Zot:1    | Lost mutation: You are very robust. (+20% HP) [potion of
                  | mutation]
 79137 | Zot:1    | Lost mutation: You expend magic power (3 MP) to strengthen
                  | your wands. [potion of mutation]
 79137 | Zot:1    | Lost mutation: Armour fits poorly on your strangely shaped
                  | body. [potion of mutation]
 79137 | Zot:1    | Lost mutation: You are weak. (Str -2) [potion of mutation]
 79137 | Zot:1    | Gained mutation: Armour fits poorly on your strangely
                  | shaped body. [potion of mutation]
 79137 | Zot:1    | Gained mutation: You have a somewhat thin skeletal
                  | structure. (Dex +2, Stealth) [potion of mutation]
 79137 | Zot:1    | Gained mutation: Your mind is acute. (Int +2) [potion of
                  | mutation]
 79138 | Zot:1    | Lost mutation: You are robust. (+10% HP) [potion of
                  | mutation]
 79138 | Zot:1    | Lost mutation: You tend to lose your temper in combat.
                  | [potion of mutation]
 79138 | Zot:1    | Lost mutation: Armour fits poorly on your strangely shaped
                  | body. [potion of mutation]
 79138 | Zot:1    | Lost mutation: You are covered in fur. (AC +1) [potion of
                  | mutation]
 79138 | Zot:1    | Gained mutation: Your spells are a little harder to cast,
                  | but a little more powerful. [potion of mutation]
 80155 | Zot:3    | Reached skill level 26 in Conjurations
 80581 | Zot:3    | Reached skill level 15 in Axes
 81115 | Zot:4    | Cast into level 3 of the Abyss (purple draconian knight)
 81134 | Zot:4    | Escaped the Abyss
 81559 | Zot:4    | Reached skill level 27 in Conjurations
 82242 | Zot:4    | Learned a level 5 spell: Irradiate
 82468 | Zot:4    | Noticed an orb of fire
 82479 | Zot:4    | Killed an orb of fire
 82479 | Zot:4    | Reached skill level 12 in Dodging
 82947 | Zot:5    | Entered Level 5 of the Realm of Zot
 83836 | Zot:5    | Noticed an ancient lich
 83841 | Zot:5    | Killed an ancient lich
 83858 | Zot:5    | Noticed an ancient lich
 83863 | Zot:5    | Killed an ancient lich
 83965 | Zot:5    | Noticed an ancient lich
 83969 | Zot:5    | Killed an ancient lich
 83976 | Zot:5    | Noticed an orb of fire
 83980 | Zot:5    | Killed an orb of fire
 84046 | Zot:5    | Noticed an ancient lich
 84051 | Zot:5    | Killed an ancient lich
 84295 | Zot:5    | Noticed an ancient lich
 84307 | Zot:5    | Killed an ancient lich
 84364 | Zot:5    | Noticed an orb of fire
 84373 | Zot:5    | Gained mutation: Potions are less effective at restoring
                  | your health. [an orb of fire]
 84376 | Zot:5    | Killed an orb of fire
 84659 | Zot:5    | Noticed an ancient lich
 84671 | Zot:5    | Killed an ancient lich
 84834 | Zot:5    | Noticed an orb of fire
 84834 | Zot:5    | Gained mutation: Your body sometimes deteriorates upon
                  | taking damage. [an orb of fire]
 84841 | Zot:5    | Killed an orb of fire
 84940 | Zot:5    | Reached skill level 15 in Dodging
 85144 | Zot:5    | Got the Orb of Zot
 85455 | Depths:1 | Noticed Xinavub the pandemonium lord
 85549 | D:12     | Noticed Ekinecs the pandemonium lord
 85553 | D:12     | Lost mutation: Your mind is acute. (Int +2) [a neqoxec]
 85587 | D:10     | Noticed Vyopas the pandemonium lord
 85862 | D:$      | Escaped with the Orb!

Vault maps used:
D:1:      elethiomel_arrival_infinity_welcomes_careful_drivers
D:2:      first_ration, uniq_natasha
D:3:      grunt_dithmenos_smoke, grunt_qazlal_clouds
D:4:      minmay_temple_entry_statues_fountains,
          nicolae_ru_great_annihilating_truth
D:6:      lemuel_crystal_altar
D:7:      eat_drink_and_be_merry_uskayaw, serial_shops, shop_coins,
          grunt_livestock, nicolae_water_bricks, cheibrodos_worm_habitat
D:8:      nicolae_gozag_cash_rules_everything_around_me, lemuel_round_altar,
          lemuel_crystal_altar, serial_shops, shop, serial_rivers,
          chequers_serial_rivers_room_b, chequers_serial_rivers_small_3,
          chequers_serial_rivers_micro_e, chequers_serial_rivers_micro_e,
          uniq_joseph
D:9:      zin_academy, orc_0_dummy, uniq_psyche, uniq_pikel
D:10:     hangedman_cross_stitches, grunt_lair_entry_orc_guard_hut, special_room
D:11:     serial_shops, shop, serial_co_window_serial, co_window_corner_a,
          co_window_paths_b, co_window_of_opportunity_a, co_window_paths_b,
          co_window_paths_b, co_window_paths_a, co_window_paths_a,
          co_window_broadway_c, co_window_unsneaky_path_e, co_window_paths_c,
          co_window_4corner_b, uniq_grum
D:13:     grunt_vaults_entry_fortified, hangedman_abyss_or_decor_lesser_grid,
          uniq_nessos, uniq_urug
D:14:     kennysheep_large_spiral, chequers_jeans, serial_shops,
          nicolae_shop_competitors_out_of_business, shop, shop,
          nicolae_shop_waterfront, shop, serial_bayou_pond_a, st_stairs_1
D:15:     grunt_enter_depths_hoard, elyvilon_altar_4, fedhas_altar_fruit_tree,
          uniq_azrael
Temple:   eino_wide_crystal_templ
Lair:1:   hangedman_lair_generics_rect, uniq_erica
Lair:2:   spider_nest_entry_a, lab_entry_generic, serial_bayou_shore_a
Lair:3:   gammafunk_mikee_crab_dinner, minmay_shoals_entry_beasts
Lair:4:   nzn_random_ring, serial_bayou_shore_b
Lair:5:   minmay_slime_entry_oklob_enclosed, chequers_serial_rivers_micro_c,
          serial_bayou_lake_a, lemuel_fruit_tree
Lair:6:   guppyfry_lair_end_dragon, hangedman_lair_in_review, basic_altar
Shoals:2: serial_shops, shop, argonaut_gorgonesque, uniq_polyphemus
Shoals:3: uniq_ilsuiw
Shoals:4: shoals_end_grunt_garden, serial_shops, nicolae_shop_crystal
Spider:1: portal_ice_cave_entry_pillars_four, spider_trap
Spider:3: special_room, uniq_asterion
Spider:4: grunt_spider_rune_circles, guppyfry_hornet_nest
Slime:3:  basic_altar
Orc:2:    st_orc_congregation, serial_shops, shop, shop, uniq_snorg
Elf:1:    minmay_elf_arrival_circle, serial_shops, shop,
          fake_guardian_serpent_vault
Elf:2:    serial_shops, shop, basic_loot_grate_trap
Elf:3:    elf_hall, serial_shops, nicolae_shop_statue_plus,
          nrook_mini_backslash, evilmike_minifort
Vaults:1: nicolae_vaults_little_squares_1, nicolae_vaults_yaktaur_gun_rack,
          v_pattern_4, v_misc_25, v_misc_9, infiniplex_enter_wizlab_spiral,
          enter_trove_6, serial_shops, shop,
          portal_desolation_entry_nicolae_slug, uniq_saint_roka
Vaults:2: nicolae_vaults_twisting_passages, nicolae_vaults_statue_guard,
          v_alt_pattern_5, v_misc_29, ontoclasm_vaults_hangar,
          nicolae_vaults_little_squares_1, v_misc_9, hangedman_vaults_corner,
          v_misc_29, uniq_nikola
Vaults:3: hangedman_vaults_river_flow, vaults_mumra_bighexcomb,
          ontoclasm_vaults_bender, minmay_crypt_entry_simple_corners,
          v_pattern_3, ontoclasm_vaults_gateway, hangedman_vaults_cutoff,
          nicolae_vaults_specimen_jars, vaults_dpeg_encased_lava
Vaults:4: ontoclasm_vaults_chip, vaults_room_ringed_pool, v_misc_32,
          nicolae_vaults_border_crossing, v_misc_23,
          nicolae_vaults_puzzle_piece, vaults_room_pool,
          hangedman_vaults_stream, ontoclasm_vaults_shout, v_misc_5,
          nicolae_vaults_inception_scallops, nicolae_vaults_circle_grid_a,
          ontoclasm_vaults_loading_screen, vaults_dpeg_spiral,
          grunt_vaults_diagonal
Vaults:5: uniq_frederick
Depths:1: hangedman_geh_valley, abyss_entry, serial_shops, bzr_entry_road,
          lemuel_flamethrower_1
Depths:2: minmay_the_grid_triangle_9x9_rhombus_thin, abyss_entry, hell_entry,
          corexii_corridor_pit, minmay_staircase_windowed_small
Depths:3: thingy_vault_2, serial_sigils, serial_sigils_hangedman_snap,
          serial_sigils_hangedman_shear, serial_sigils_hangedman_writhe,
          serial_sigils_hangedman_gnaw, serial_sigils_hangedman_quiver,
          hell_entry, hangedman_abyss_entry_splay, rand_demon_pan_entry_4,
          uniq_boris
Depths:4: hangedman_six_sided_sadism, enter_ziggurat_d, abyss_entry,
          hangedman_tar_grid_catacomb, rand_demon_pan_entry_7,
          minmay_staircase_windowed_large, uniq_sojobo
Depths:5: grunt_bruiser_brothers, ebering_ghost_gozag, hell_entry,
          hangedman_decor_clover_reticule, grunt_tough_drop,
          basic_stair_grate_trap, uniq_enchantress
Zot:1:    nicolae_moth_party, st_small_dragon_hoard_2, st_small_dragon_hoard_4,
          grunt_megastairs_3
Zot:2:    grunt_ministairs_14
Zot:3:    basic_stair_grate_trap
Zot:4:    grunt_ministairs_12, hangedman_elemental_grid_stream
Abyss:2:  minivault_28
Abyss:3:  guppyfry_abyss_exit_spiral_guarded
Abyss:5:  hangedman_grunt_abyss_rune_horror_hoard, evilmike_abyss_exit_kraken
Lab:      labyrinth_hidden_loot, nicolae_lab_stuck, nicolae_lab_hexagon,
          labyrinth_skeletal_remains
Bazaar:   bazaar_kb_twisted_cavern
IceCv:    ice_cave_caverns_02
WizLab:   wizlab_doroklohe

Skill      XL: |  1  2  3  4  5  6  7  8  9 10 11 12 13 14 15 16 17 18 19 20 21 22 23 24 25 26 27 |
---------------+----------------------------------------------------------------------------------+-----
Conjurations   | 2 3 5 7 8 11 14 15 17 18 19 20 21 22 23 24 27 | 27.0
Air Magic      | 5 6 7 8 10 11 12 14 16 18 19 | 19.0
Charms         | 1 2 3 4 6 |  6.0
Spellcasting   | 3 4 6 8 10 11 12 13 14 15 16 | 16.0
Fighting       | 3 4 5 6 8 10 11 12 13 15 17 18 20 | 20.0
Shields        | 4 9 14 15 | 15.0
Summonings     | 4 5 6 10 12 14 15 16 | 16.0
Invocations    | 2 4 5 6 |  6.0
Dodging        | 5 6 7 9 10 11 15 | 15.2
Armour         | 4 6 8 9 10 12 14 16 18 | 18.0
Translocations | 2 4 6 |  6.0
Evocations     | 6 7 8 11 | 11.5
Maces & Flails | 4 |  4.0
Axes           | 5 7 9 10 11 15 | 15.8
Ice Magic      | 5 6 7 8 |  8.0
Stealth        | 6 |  6.0

Action                   |  1- 3 |  4- 6 |  7- 9 | 10-12 | 13-15 | 16-18 | 19-21 | 22-24 | 25-27 || total
-------------------------+-------+-------+-------+-------+-------+-------+-------+-------+-------++-------
Melee: Unarmed           |     2 |       |       |       |       |       |       |       |       ||     2
       Spear             |       |       |    38 |     7 |     2 |       |       |       |       ||    47
       Kick              |       |       |     7 |     1 |   137 |   137 |   332 |   262 |   400 ||  1276
       Staff             |       |       |       |     5 |     3 |    28 |     2 |       |     2 ||    40
       Peck              |       |       |       |     1 |    83 |    76 |   217 |   163 |   255 ||   795
       Mace              |       |       |       |       |   356 |    56 |       |       |       ||   412
       Hand axe          |       |       |       |       |       |   243 |   786 |   623 |   757 ||  2409
       Broad axe         |       |       |       |       |       |       |       |       |   274 ||   274
Throw: Throwing net      |       |       |       |       |       |       |       |     1 |     1 ||     2
 Cast: Shock             |    56 |    91 |    90 |   265 |   185 |    28 |     5 |       |       ||   720
       Static Discharge  |       |     5 |    45 |    40 |    62 |    31 |     1 |       |       ||   184
       Swiftness         |       |       |     3 |     1 |       |       |       |       |       ||     4
       Lightning Bolt    |       |       |     3 |    37 |   111 |   236 |   255 |   233 |   117 ||   992
       Summon Lightning  |       |       |    11 |   100 |   152 |   119 |    89 |    67 |    53 ||   591
       Conjure Flame     |       |       |       |    22 |    20 |       |       |       |       ||    42
       Airstrike         |       |       |       |       |    21 |     4 |     1 |    49 |    63 ||   138
       Orb of Destructio |       |       |       |       |    39 |    96 |    81 |   144 |   297 ||   657
       Spellforged Servi |       |       |       |       |       |    23 |    21 |    11 |    34 ||    89
       Blink             |       |       |       |       |       |       |     1 |     2 |     8 ||    11
       Freezing Cloud    |       |       |       |       |       |       |       |    34 |    64 ||    98
       Deflect Missiles  |       |       |       |       |       |       |       |     3 |     8 ||    11
       Summon Forest     |       |       |       |       |       |       |       |     1 |       ||     1
       Irradiate         |       |       |       |       |       |       |       |       |     6 ||     6
Invok: Lesser Healing    |       |       |       |     5 |     1 |     2 |       |     6 |       ||    14
       Purification      |       |       |       |     1 |       |     1 |       |     3 |     3 ||     8
       Greater Healing   |       |       |       |     1 |       |     3 |       |     8 |     7 ||    19
 Abil: Fly               |       |     1 |     3 |     7 |     6 |     2 |       |       |       ||    19
       Stop Flying       |       |       |       |       |       |     2 |       |       |       ||     2
Evoke: Wand              |       |       |    29 |    22 |    30 |    50 |    18 |     9 |    34 ||   192
       Lamp of fire      |       |       |       |       |       |       |     2 |     3 |     7 ||    12
       Box of beasts     |       |       |       |       |       |       |     1 |       |     1 ||     2
       Phial of floods   |       |       |       |       |       |       |       |       |     6 ||     6
       Staff of energy   |       |       |       |       |       |       |       |       |    10 ||    10
  Use: Potion            |       |     2 |     2 |    10 |       |     1 |     3 |     1 |    10 ||    29
       Scroll            |       |       |     8 |    11 |    18 |    20 |     9 |    14 |    29 ||   109
 Stab: Sleeping          |       |       |     2 |       |     9 |     2 |       |       |       ||    13
       Distracted        |       |       |       |       |     9 |    15 |    18 |    16 |     6 ||    64
       Paralysed         |       |       |       |       |     4 |    10 |    12 |       |     8 ||    34
       Petrified         |       |       |       |       |       |     7 |       |       |       ||     7
  Eat: Chunk             |     2 |     8 |    19 |    40 |    63 |    79 |    65 |    62 |    54 ||   392
       Ration            |       |     1 |     1 |     4 |     7 |    17 |     8 |    11 |    23 ||    72
Armor: Robe              |     6 |     5 |    14 |     8 |       |       |       |       |       ||    33
       Skin              |       |       |     5 |     5 |       |       |       |       |       ||    10
       Ring mail         |       |       |       |    13 |   155 |   133 |       |       |       ||   301
       Fire dragon scale |       |       |       |       |       |    28 |    38 |       |       ||    66
       Chain mail        |       |       |       |       |       |       |   321 |   317 |   474 ||  1112
Dodge: Dodged            |     8 |    27 |    51 |    88 |   414 |   620 |   631 |   324 |   464 ||  2627
       Deflected         |       |       |       |       |       |       |       |    36 |    54 ||    90
Block: Buckler           |       |       |    19 |    25 |   172 |   248 |   309 |   221 |    33 ||  1027
       Reflection        |       |       |       |       |       |     5 |       |       |    44 ||    49
       Shield            |       |       |       |       |       |       |       |       |   794 ||   794

Table legend:
 A = Non-vault XP
 B = Vault XP
 C = Vault XP percentage of total XP
 D = Non-vault monster count
 E = Vault monster count
 F = Vault count percentage of total count
                 A         B        C        D         E       F
            +---------+---------+-------+---------+---------+-------
      Total |  900665 |  797060 |  46.9 |    1736 |     909 |  34.4
            +---------+---------+-------+---------+---------+-------
        D:1 |      23 |       0 |   0.0 |      12 |       0 |   0.0
        D:2 |     130 |      36 |  21.7 |      26 |       1 |   3.7
        D:3 |      77 |       0 |   0.0 |      15 |       0 |   0.0
        D:4 |     416 |       6 |   1.4 |      17 |       4 |  19.0
        D:5 |     456 |       0 |   0.0 |      18 |       0 |   0.0
        D:6 |     436 |       0 |   0.0 |       7 |       0 |   0.0
        D:7 |     575 |     914 |  61.4 |      10 |       6 |  37.5
        D:8 |     569 |     273 |  32.4 |      14 |       1 |   6.7
        D:9 |     954 |     946 |  49.8 |      13 |       2 |  13.3
       D:10 |    2076 |    2212 |  51.6 |      33 |      38 |  53.5
       D:11 |    1676 |     527 |  23.9 |      15 |       4 |  21.1
       D:12 |    4540 |       0 |   0.0 |      24 |       0 |   0.0
       D:13 |    3883 |    7995 |  67.3 |      25 |      12 |  32.4
       D:14 |   11660 |    5629 |  32.6 |      41 |      14 |  25.5
       D:15 |   19803 |    3336 |  14.4 |      57 |       7 |  10.9
     Lair:1 |    3281 |    1835 |  35.9 |      18 |       8 |  30.8
     Lair:2 |    3660 |     484 |  11.7 |      16 |       3 |  15.8
     Lair:3 |     880 |   10036 |  91.9 |       9 |      13 |  59.1
     Lair:4 |    2886 |    3335 |  53.6 |      16 |      10 |  38.5
     Lair:5 |    6479 |    1038 |  13.8 |      36 |       3 |   7.7
     Lair:6 |    8926 |   11024 |  55.3 |      34 |      32 |  48.5
   Shoals:1 |   11372 |       0 |   0.0 |      31 |       0 |   0.0
   Shoals:2 |   12655 |    8535 |  40.3 |      29 |      12 |  29.3
   Shoals:3 |    5093 |    3119 |  38.0 |      14 |       5 |  26.3
   Shoals:4 |   17188 |   16337 |  48.7 |      37 |      35 |  48.6
   Spider:1 |    9128 |       0 |   0.0 |      34 |       0 |   0.0
   Spider:2 |   10985 |       0 |   0.0 |      39 |       0 |   0.0
   Spider:3 |   12240 |    2081 |  14.5 |      39 |       1 |   2.5
   Spider:4 |    8132 |   23259 |  74.1 |      27 |      40 |  59.7
    Slime:1 |   11959 |       0 |   0.0 |      29 |       0 |   0.0
    Slime:2 |    9794 |       0 |   0.0 |      24 |       0 |   0.0
    Slime:3 |   14055 |       0 |   0.0 |      22 |       0 |   0.0
    Slime:4 |   11689 |    2627 |  18.4 |      26 |       1 |   3.7
    Slime:5 |    6959 |   23555 |  77.2 |      10 |      11 |  52.4
      Orc:1 |    5244 |       0 |   0.0 |      38 |       0 |   0.0
      Orc:2 |    3978 |    9887 |  71.3 |      42 |      66 |  61.1
      Elf:1 |   31772 |    2380 |   7.0 |      52 |       5 |   8.8
      Elf:2 |   12515 |   22623 |  64.4 |      26 |      29 |  52.7
      Elf:3 |    4125 |   40259 |  90.7 |       7 |      37 |  84.1
   Vaults:1 |   24281 |   13558 |  35.8 |      55 |      26 |  32.1
   Vaults:2 |   26078 |   24940 |  48.9 |      38 |      33 |  46.5
   Vaults:3 |   31153 |   17656 |  36.2 |      55 |      30 |  35.3
   Vaults:4 |   38779 |   28469 |  42.3 |      64 |      43 |  40.2
   Vaults:5 |   46394 |  122143 |  72.5 |      69 |      87 |  55.8
   Depths:1 |   47875 |      50 |   0.1 |      66 |       1 |   1.5
   Depths:2 |   38633 |   13328 |  25.7 |      63 |      10 |  13.7
   Depths:3 |   37578 |   24156 |  39.1 |      39 |      24 |  38.1
   Depths:4 |   53392 |   51050 |  48.9 |      58 |      52 |  47.3
   Depths:5 |   29474 |   48937 |  62.4 |      34 |      38 |  52.8
      Zot:1 |   38841 |   34381 |  47.0 |      27 |      19 |  41.3
      Zot:2 |   30727 |    6801 |  18.1 |      22 |       3 |  12.0
      Zot:3 |   42471 |       0 |   0.0 |      25 |       0 |   0.0
      Zot:4 |   65129 |   26751 |  29.1 |      40 |      12 |  23.1
      Zot:5 |   46693 |  145338 |  75.7 |      25 |      39 |  60.9
    Abyss:2 |   27540 |     591 |   2.1 |      64 |       2 |   3.0
    Abyss:5 |    3358 |   10891 |  76.4 |      10 |      19 |  65.5
        Lab |       0 |    1259 | 100.0 |       0 |       2 | 100.0
      IceCv |       0 |    8539 | 100.0 |       0 |      50 | 100.0
     WizLab |       0 |   13934 | 100.0 |       0 |      19 | 100.0
            +---------+---------+-------+---------+---------+-------
